 Dungeon Sprint DCSS version 0.28-a0-1629-gf728b707aa (webtiles) character file.

Game seed: 892113790748663508

4389 xpp the Thaumaturge (level 10, -9/85 HPs)
             Began as a Gnoll Warper on Jan 25, 2022.
             Was a High Priest of Kikubaaqudgha.
             Blown up by Fadev the pandemonium lord (22 damage)
             ... with a wavering orb of destruction
             ... in the Dungeon (Sprint V: "Ziggurat Sprint").
             The game lasted 00:18:32 (405 turns).

xpp the Thaumaturge (Gnoll Warper)                   Turns: 405, Time: 00:18:32

Health: -9/85      AC: 24    Str: 20    XL:     10   Next: 35%
Magic:  24/24      EV:  8    Int: 17    God:    Kikubaaqudgha [*****.]
Gold:   0          SH: 13    Dex: 11    Spells: 29/29 levels left

rFire   + + .      SeeInvis .   K - +9 sword of Zonguldrok {reap}
rCold   + + .      Faith    .   E - +3 kite shield
rNeg    . . .      Spirit   .   C - +5 gold dragon scales
rPois   +          Reflect  .   L - +1 helmet of Bitreh {Will+ Stlth+}
rElec   +          Harm     .   (no cloak)
rCorr   +          Rampage  .   (no gloves)
Will    +....      NoTele   +   (no boots)
Stlth   ..........              (no amulet)
HPRegen 0.24/turn               v - ring of Xuetiud {+Blink rPois EV+4 Int+3}
MPRegen 0.19/turn               x - +6 ring of strength

@: resistant
A: fangs 1, strong nose, distributed training
a: Renounce Religion, Evoke Blink, Receive Corpses, Torment


You were in the Dungeon.
You worshipped Kikubaaqudgha.
Kikubaaqudgha was extremely pleased with you.
You visited 1 branch

Inventory:

Hand Weapons
 a - the +8 demon blade "Leech" {vamp, Harm Drain rN+}
   (You found it in the Dungeon)

   It heals its wielder for a portion of the damage dealt every time it strikes
   a living foe.
   rN:        It protects you from negative energy.
   Drain:     It drains your maximum health when unequipped.
   Harm:      It increases damage dealt and taken.
 F - a +5 hand crossbow
 H - a +5 demon blade
 J - the +7 Singing Sword {vorpal, sonic wave}
   (You found it in the Dungeon)

   It inflicts extra damage upon your enemies.
   It radiates damaging sonic waves as it strikes, especially in combat
   involving dangerous or numerous foes.
 K - the +9 sword of Zonguldrok (weapon) {reap}
   (You found it in the Dungeon)

   Any living foe damaged by it may be reanimated upon death as a zombie
   friendly to the wielder, with an increasing chance as more damage is dealt.
Missiles
 c - 4 boomerangs of dispersal (quivered)
 G - 1059 bolts
Armour
 C - +5 gold dragon scales (worn)
 E - a +3 kite shield (worn)
 L - the +1 helmet of Bitreh (worn) {Will+ Stlth+}
   (You found it in the Dungeon)

   Will:      It increases your willpower.
   Stlth:     It makes you more stealthy.
Jewellery
 s - a ring of see invisible
 v - the ring of Xuetiud (left hand) {+Blink rPois EV+4 Int+3}
   (You found it in the Dungeon)

   [ring of evasion]

   EV:        It affects your evasion (+4).
   Int:       It affects your intelligence (+3).
   rPois:     It protects you from poison.
   +Blink:    It lets you blink.
 x - a +6 ring of strength (right hand)
Wands
 z - a wand of mindburst (7)
 A - a wand of iceblast (1)
 B - a wand of acid (5)
Scrolls
 b - 2 scrolls of blinking
 n - 4 scrolls of amnesia
 o - 6 scrolls of fog
 p - a scroll of holy word
 q - 5 scrolls of identify
 r - 2 scrolls of fear
Potions
 d - 10 potions of curing
 e - 2 potions of heal wounds
 f - 6 potions of haste
 g - 7 potions of magic
 h - 3 potions of berserk rage
 i - 2 potions of brilliance
 j - a potion of invisibility
 k - 3 potions of resistance
 m - 5 potions of might
Miscellaneous
 u - a box of beasts (inert)
 y - a phial of floods
 I - a lightning rod (3/4)


   Skills:
 + Level 10.0 Fighting
 + Level 8.9 Short Blades
 + Level 8.9 Long Blades
 + Level 8.9 Axes
 + Level 8.9 Maces & Flails
 + Level 8.9 Polearms
 + Level 8.9 Staves
 + Level 8.9 Slings
 + Level 8.9 Bows
 + Level 8.9 Crossbows
 + Level 9.3 Throwing
 + Level 9.3 Armour
 + Level 10.0 Dodging
 + Level 8.9 Stealth
 + Level 8.9 Shields
 + Level 10.0 Unarmed Combat
 + Level 10.2 Spellcasting
 + Level 7.4 Conjurations
 + Level 7.4 Hexes
 + Level 7.4 Summonings
 + Level 7.4 Necromancy
 + Level 9.3 Translocations
 + Level 7.4 Transmutations
 + Level 7.4 Fire Magic
 + Level 7.4 Ice Magic
 + Level 7.4 Air Magic
 + Level 7.4 Earth Magic
 + Level 7.4 Poison Magic
 + Level 9.7 Invocations
 + Level 8.9 Evocations


You had 29 spell levels left.
You didn't know any spells.
Your spell library contained the following spells:

 Spells                   Type           Power      Damage    Failure   Level
 Blink                    Tloc           80%        N/A       58%         2
 Animate Skeleton         Necr           68%        N/A       71%         1
 Gell's Gravitas          Tloc           40%        N/A       82%         3
 Lesser Beckoning         Tloc           40%        N/A       82%         3
 Teleport Other           Tloc           40%        N/A       82%         3
 Corpse Rot               Necr/Air       68%        N/A       83%         2
 Ensorcelled Hibernation  Hex/Ice        68%        N/A       83%         2
 Sublimation of Blood     Necr           34%        N/A       83%         2
 Spider Form              Tmut/Pois      34%        N/A       97%         3
 Stone Arrow              Conj/Erth      68%        3d11      97%         3
 Vampiric Draining        Necr           34%        2d8       97%         3
 Anguish                  Hex/Necr       17%        N/A       100%        4
 Animate Armour           Summ/Erth      68%        N/A       100%        4
 Animate Dead             Necr           17%        N/A       100%        4
 Dispel Undead            Necr           34%        3d15      100%        4
 Olgreb's Toxic Radiance  Pois           34%        N/A       100%        4
 Excruciating Wounds      Necr           17%        N/A       100%        5
 Manifold Assault         Tloc           40%        N/A       100%        5
 Death Channel            Necr           17%        N/A       100%        6
 Ozocubu's Refrigeration  Ice            17%        4d8       100%        7
 Ignition                 Fire           17%        3d7       100%        8
 Lehudib's Crystal Spear  Conj/Erth      17%        10d5      100%        8


Dungeon Overview and Level Annotations

Branches:
Dungeon (1/1)

Altars:
Ashenzari
Cheibriados
Dithmenos
Elyvilon
Fedhas
Gozag
Hepliaklqana
Kikubaaqudgha
Makhleb
Nemelex Xobeh
Okawaru
Qazlal
Ru
Sif Muna
Trog
Uskayaw
Vehumet
Wu Jian
Xom
Yredelemnul
Zin
The Shining One
Beogh
Jiyva
Lugonu

Annotations:
D 1 transporter


Innate Abilities, Weirdness & Mutations

You have very sharp teeth.
Your uncanny sense of smell can sniff out nearby items.
Your experience applies equally to all skills.


Message History

You hit the hellwing.
The hellwing is lightly wounded.
Fadev calls on the powers of darkness!
Your juvenile weirdshock beast convulses!
Kikubaaqudgha shields you from torment!
You feel a surge of unholy energy.
Your juvenile weirdshock beast hits the hellwing but does no damage.
Fadev calls on the powers of darkness!
Your juvenile weirdshock beast convulses!
Kikubaaqudgha partially shields you from torment!
Your body is wracked with pain!
* * * LOW HITPOINT WARNING * * *
You block the hellwing's attack. The hellwing barely misses you.
Your juvenile weirdshock beast hits the hellwing!
Fadev sneers, "Quit, thou tasty curdle!"
Fadev launches a ball of destructive magic.
You block the orb of destruction.
You slash the hellwing!
The hellwing is heavily wounded.
You block Fadev's attack. The hellwing barely misses you.
You block the hellwing's attack.
Your juvenile weirdshock beast barely misses the hellwing.
You feel much better. You block Fadev's attack.
You block the hellwing's attack.
The hellwing hits you but does no damage.
Fadev hits you.
Your juvenile weirdshock beast bursts into living lightning!
The living lightning hits the hellwing!
Your juvenile weirdshock beast blinks!
You hit the hellwing but do no damage.
The hellwing is severely wounded.
Fadev hits you!!
* * * LOW HITPOINT WARNING * * *
The hellwing hits you.
* * * LOW HITPOINT WARNING * * *
The hellwing hits you but does no damage.
Fadev launches a ball of destructive magic.
The wavering orb of destruction weakly hits you!!
You die...
Kikubaaqudgha rasps: "You have failed me!
Welcome... death!"

▓.(.©...▓
▓▓▓▓▓▓▓▓▓
▓..8©8..▓
∆∆∆∆
▓..}|)..▓
∆∆∆
▓..)))..▓
▓.......▓
▓.......▓
▓.....§&▓
▓.....4@▓
▓.......▓
▓...©.H.▓
▓▓▓▓▓▓▓▓▓
∆∆ ∆∆∆∆∆
∆∆ ∆∆∆∆


You could see Fadev, a hellwing (ally target) and a friendly juvenile weirdshock
beast (summoned).

Vanquished Creatures
  A yaktaur captain (D)
  A sun demon (D)
  3 deep elf archers (D)
  A cyclops (D)
  2 yaktaurs (D)
  A naga (D)
  A necrophage (D)
  A wolf (D)
  2 centaurs (D)
  A phantom (D)
  A crimson imp (D)
  An orc priest (D)
  A quasit (D)
  An orc wizard (D)
  3 adders (D)
  A river rat (D)
  A ball python (D)
  2 jackals (D)
  A ball python skeleton (D)
26 creatures vanquished.

Vanquished Creatures (others)
  A deep elf zephyrmancer (D)
  A quasit (D)
2 creatures vanquished.

Grand Total: 28 creatures vanquished

Notes
Turn   | Place    | Note
-------+----------+-------------------------------------------
     0 | D        | xpp the Gnoll Warper began the quest for the Orb.
     0 | D        | Reached XP level 1. HP: 20/20 MP: 6/6
     0 | D        | Found a shimmering blue altar of Sif Muna.
     0 | D        | Found a sacrificial altar of Ru.
     0 | D        | Found a bloodstained altar of Trog.
     0 | D        | Found a stormy altar of Qazlal.
     0 | D        | Found an iron altar of Okawaru.
     0 | D        | Found a sparkling altar of Nemelex Xobeh.
     0 | D        | Found a blossoming altar of Fedhas.
     0 | D        | Found the +6 Majin-Bo {vamp, MP+6 Int+6}
     0 | D        | Found the +9 heavy crossbow "Sniper" {vorpal, Acc+∞ SInv}
     0 | D        | Found the +10 dark maul {vorpal}
     0 | D        | Found the +15 Maxwell's patent armour {-Cast -Tele rElec
                  | Will+ rCorr}
     0 | D        | Found the +18 shield of the Gong {rElec rN+ Will+ EV-5}
     0 | D        | Found the +14 obsidian axe {vorpal, Mesm Drain Fly SInv}
     0 | D        | Found the +7 great mace "Firestarter" {inner flame, rF++}
     0 | D        | Found the +6 shillelagh "Devastator" {shatter}
     0 | D        | Found the +11 plutonium sword {Contam Stlth-}
     0 | D        | Found the +8 lance "Wyrmbane" {slay drac, rPois rF+ rC+
                  | AC+3}
     0 | D        | Found the +9 sword of Zonguldrok {reap}
     0 | D        | Found the +13 scythe of Curses {drain, Drain}
     0 | D        | Found the +5 sword of Power {vorpal}
     0 | D        | Found the +7 mace of Variability {chain chaos}
     0 | D        | Found the +7 Singing Sword {vorpal, sonic wave}
     0 | D        | Found the +8 storm bow {elec, penet}
     2 | D        | Found a transporter.
     2 | D        | Found an ancient bone altar of Kikubaaqudgha.
     2 | D        | Found a viscous altar of Jiyva.
     2 | D        | Found a corrupted altar of Lugonu.
     2 | D        | Found a hazy altar of Hepliaklqana.
     2 | D        | Found a burning altar of Makhleb.
     2 | D        | Found an opulent altar of Gozag.
    43 | D        | Became a worshipper of Kikubaaqudgha
    50 | D        | Reached skill level 5 in Fighting
    50 | D        | Reached skill level 5 in Dodging
    50 | D        | Reached skill level 5 in Unarmed Combat
    50 | D        | Reached skill level 5 in Spellcasting
    50 | D        | Reached skill level 1 in Conjurations
    50 | D        | Reached skill level 1 in Hexes
    50 | D        | Reached skill level 1 in Summonings
    50 | D        | Reached skill level 1 in Necromancy
    50 | D        | Reached skill level 1 in Transmutations
    50 | D        | Reached skill level 1 in Fire Magic
    50 | D        | Reached skill level 1 in Ice Magic
    50 | D        | Reached skill level 1 in Air Magic
    50 | D        | Reached skill level 1 in Earth Magic
    50 | D        | Reached skill level 1 in Poison Magic
    50 | D        | Reached XP level 2. HP: 27/27 MP: 6/8
    53 | D        | Entered arena 2.
    53 | D        | Found a transporter.
    56 | D        | Reached XP level 3. HP: 33/33 MP: 7/10
    58 | D        | Reached XP level 4. HP: 39/39 MP: 7/11
    85 | D        | Entered arena 3.
    85 | D        | Found the +8 demon blade "Leech" {vamp, Harm Drain rN+}
    85 | D        | Noticed a phantom
    85 | D        | Noticed a necrophage
    85 | D        | Found a transporter.
    88 | D        | Reached * piety under Kikubaaqudgha
    88 | D        | Received a gift from Kikubaaqudgha
    89 | D        | Killed a necrophage
    90 | D        | Reached XP level 5. HP: 46/46 MP: 11/13
    91 | D        | Killed a phantom
    92 | D        | Reached skill level 5 in Throwing
    92 | D        | Reached skill level 5 in Armour
   102 | D        | Entered arena 4.
   102 | D        | Noticed a deep elf zephyrmancer
   102 | D        | Noticed a deep elf archer
   102 | D        | Noticed a deep elf archer
   102 | D        | Noticed a deep elf archer
   102 | D        | Found a transporter.
   105 | D        | Killed a deep elf zephyrmancer
   106 | D        | Reached skill level 5 in Short Blades
   106 | D        | Reached skill level 5 in Long Blades
   106 | D        | Reached skill level 5 in Axes
   106 | D        | Reached skill level 5 in Maces & Flails
   106 | D        | Reached skill level 5 in Polearms
   106 | D        | Reached skill level 5 in Staves
   106 | D        | Reached skill level 5 in Slings
   106 | D        | Reached skill level 5 in Bows
   106 | D        | Reached skill level 5 in Crossbows
   106 | D        | Reached skill level 5 in Stealth
   106 | D        | Reached skill level 5 in Shields
   106 | D        | Reached skill level 5 in Invocations
   106 | D        | Reached skill level 5 in Evocations
   106 | D        | Reached XP level 6. HP: 38/55 MP: 14/16
   106 | D        | Reached XP level 7. HP: 41/60 MP: 14/17
   107 | D        | Killed a deep elf archer
   107 | D        | Reached ** piety under Kikubaaqudgha
   108 | D        | Reached skill level 5 in Conjurations
   108 | D        | Reached skill level 5 in Hexes
   108 | D        | Reached skill level 5 in Summonings
   108 | D        | Reached skill level 5 in Necromancy
   108 | D        | Reached skill level 5 in Transmutations
   108 | D        | Reached skill level 5 in Fire Magic
   108 | D        | Reached skill level 5 in Ice Magic
   108 | D        | Reached skill level 5 in Air Magic
   108 | D        | Reached skill level 5 in Earth Magic
   108 | D        | Reached skill level 5 in Poison Magic
   108 | D        | Reached XP level 8. HP: 47/68 MP: 15/20
   108 | D        | Killed a deep elf archer
   109 | D        | Killed a deep elf archer
   110 | D        | Reached XP level 9. HP: 53/75 MP: 16/21
   119 | D        | Entered arena 5.
   119 | D        | Found a transporter.
   121 | D        | Reached *** piety under Kikubaaqudgha
   121 | D        | Received a gift from Kikubaaqudgha
   127 | D        | Got the ring of Xuetiud {+Blink rPois EV+4 Int+3}
   191 | D        | Entered arena 6.
   191 | D        | Found a transporter.
   192 | D        | Reached **** piety under Kikubaaqudgha
   206 | D        | Got the +1 helmet of Bitreh {Will+ Stlth+}
   233 | D        | Entered arena 7.
   233 | D        | Noticed a cyclops
   233 | D        | Noticed a yaktaur captain
   233 | D        | Noticed a yaktaur
   233 | D        | Noticed a yaktaur
   243 | D        | Killed a yaktaur
   243 | D        | Reached ***** piety under Kikubaaqudgha
   243 | D        | Killed a yaktaur
   246 | D        | Killed a yaktaur captain
   247 | D        | Reached XP level 10. HP: 67/84 MP: 23/23
   250 | D        | Killed a cyclops
   251 | D        | Reached skill level 10 in Spellcasting
   352 | D        | Found a transporter.
   372 | D        | Entered arena 8.
   372 | D        | Found the +9 staff of Wucad Mu {*channel}
   372 | D        | Noticed Fadev the pandemonium lord
   372 | D        | Noticed a sun demon
   380 | D        | Found a transporter.
   385 | D        | Killed a sun demon
   386 | D        | Reached skill level 10 in Fighting
   386 | D        | Reached skill level 10 in Dodging
   386 | D        | Reached skill level 10 in Unarmed Combat
   405 | D        | Blown up by Fadev the pandemonium lord

Illustrated notes

Levels and vault maps discovered:
D:        sprint_v [room_start, room_1, room_2, room_3, room_4, room_5, room_6,
          room_7, room_8, room_9, room_10, room_11, room_12, room_13, room_14,
          room_15, room_16, room_17, room_18, room_19, room_20, room_21,
          room_22, room_23, room_24, room_25, room_26, room_27]

Skill      XL: |  1  2  3  4  5  6  7  8  9 10 |
---------------+-------------------------------+-----
Fighting       | 5 6 7 8 9 10 | 10.0
Short Blades   | 2 3 5 6 7 8 |  8.9
Long Blades    | 2 3 5 6 7 8 |  8.9
Axes           | 2 3 5 6 7 8 |  8.9
Maces & Flails | 2 3 5 6 7 8 |  8.9
Polearms       | 2 3 5 6 7 8 |  8.9
Staves         | 2 3 5 6 7 8 |  8.9
Slings         | 2 3 5 6 7 8 |  8.9
Bows           | 2 3 5 6 7 8 |  8.9
Crossbows      | 2 3 5 6 7 8 |  8.9
Throwing       | 3 4 5 6 7 8 9 |  9.3
Armour         | 3 4 5 6 7 8 9 |  9.3
Dodging        | 5 6 7 8 9 10 | 10.0
Stealth        | 2 3 5 6 7 8 |  8.9
Shields        | 2 3 5 6 7 8 |  8.9
Unarmed Combat | 5 6 7 8 9 10 | 10.0
Spellcasting   | 5 6 7 8 9 10 | 10.2
Conjurations   | 1 2 3 4 5 6 7 |  7.4
Hexes          | 1 2 3 4 5 6 7 |  7.4
Summonings     | 1 2 3 4 5 6 7 |  7.4
Necromancy     | 1 2 3 4 5 6 7 |  7.4
Transmutations | 1 2 3 4 5 6 7 |  7.4
Fire Magic     | 1 2 3 4 5 6 7 |  7.4
Ice Magic      | 1 2 3 4 5 6 7 |  7.4
Air Magic      | 1 2 3 4 5 6 7 |  7.4
Earth Magic    | 1 2 3 4 5 6 7 |  7.4
Poison Magic   | 1 2 3 4 5 6 7 |  7.4
Invocations    | 2 3 4 5 6 8 9 |  9.7
Evocations     | 2 3 5 6 7 8 |  8.9
Translocations | 6 7 8 9 |  9.3

Action                   |  1- 3 |  4- 6 |  7- 9 | 10-12 || total
-------------------------+-------+-------+-------+-------++-------
Melee: Demon blade       |     2 |     1 |     3 |     4 ||    10
       Double sword      |       |       |       |     6 ||     6
       Bite              |       |       |       |     3 ||     3
Throw: Boomerang         |       |     1 |       |       ||     1
 Abil: Evoke Blink       |       |       |       |     3 ||     3
Evoke: Wand              |     1 |     3 |     2 |     2 ||     8
       Lightning rod     |     1 |     3 |    12 |     5 ||    21
       Phial of floods   |       |       |     1 |     1 ||     2
       Box of beasts     |       |       |       |     2 ||     2
  Use: Potion            |     1 |     1 |       |     9 ||    11
       Scroll            |       |       |     1 |     3 ||     4
Armor: Leather armour    |     1 |       |       |       ||     1
       Gold dragon scale |       |       |    11 |    11 ||    22
Dodge: Dodged            |       |     3 |     6 |     6 ||    15
Block: Buckler           |     1 |     2 |       |       ||     3
       Kite shield       |       |       |    10 |    23 ||    33

Table legend: (Time is in decaauts)
 A = Elapsed time spent in this place.
 B = Non-inter-level travel time spent in this place.
 C = Inter-level travel time spent in this place.
 D = Time resting spent in this place.
 E = Time spent auto-exploring this place.
 F = Levels seen in this place.
 G = Mean time per level.
                   A        B        C        D        E       F      G
               +--------+--------+--------+--------+--------+-----+--------+
         Total |    428 |    428 |      0 |    155 |     10 |   1 |  428.0 |
       Dungeon |    428 |    428 |      0 |    155 |     10 |   1 |  428.0 |
               +--------+--------+--------+--------+--------+-----+--------+

Top non-repeatable levels by time:
       D: 428 daAuts
